 Dungeon Crawl Stone Soup version 0.17-a0-2231-gd80ca38 (webtiles) character file.

631 Ordine the Cudgeler (level 7, -6/78 HPs)
             Began as an Ogre Hunter on Oct 29, 2015.
             Mangled by a wight
             ... wielding a +2 mace
              (9 damage)
             ... on level 4 of the Dungeon.
             The game lasted 00:14:32 (5074 turns).

Ordine the Cudgeler (Ogre Hunter)                   Turns: 5074, Time: 00:14:32

Health: -6/78      AC:  5    Str: 25    XL:     7   Next: 48%
Magic:  7/7        EV:  9    Int: 10    God:
Gold:   167        SH:  0    Dex: 10    Spells: 0 memorised, 6 levels left

rFire  . . .     SeeInvis .     i - +0 mace
rCold  . . .     Clarity  .     d - +0 robe
rNeg   . . .     SustAt   .     (no shield)
rPois  .         Gourm    .     (helmet restricted)
rElec  .         Spirit   .     j - +1 cloak
rCorr  .         Warding  .     (gloves unavailable)
rMut   .         Stasis   .     (boots unavailable)
MR     .....                    (no amulet)
Stlth  +.........               (no ring)
                                (no ring)

@: mighty, heavily drained, not resistant to hostile enchantments, very
unstealthy
A: unfitting armour, tough skin 1
a: no special abilities


You were on level 4 of the Dungeon.
You were hungry.

You visited 1 branch of the dungeon, and saw 4 of its levels.

You collected 167 gold pieces.

Inventory:

Hand Weapons
 i - a +0 mace (weapon)
 n - a +0 flail
 q - a +0 giant spiked club
Missiles
 o - 25 poisoned needles
Armour
 d - a +0 robe (worn)
 j - a +1 cloak (worn)
Rods
 m - a +0 rod of destruction (10/10)
   (You found it on level 3 of the Dungeon)
Scrolls
 b - a scroll of recharging
 p - a scroll of immolation
 s - a scroll of remove curse
 t - a scroll of amnesia
Potions
 g - 2 potions of heal wounds {unknown}
 h - a potion of lignification {unknown}
 l - a potion of brilliance {unknown}
Comestibles
 e - 3 bread rations
 k - 2 meat rations


   Skills:
 + Level 7.0(5.1) Fighting
 * Level 7.7(5.8) Maces & Flails
 - Level 4.1(2.4) Throwing
 - Level 1.7(0.1) Dodging
 - Level 0.7(0.0) Stealth


You had 6 spell levels left.
You didn't know any spells.

Dungeon Overview and Level Annotations

Branches:
Dungeon (4/15)
 Temple: D:4-7

Altars:


Innate Abilities, Weirdness & Mutations

You are too large for most types of armour.
You have tough skin (AC +1).


Message History

You hit the wight but do no damage.
The wight is heavily damaged.
The wight hits you with an enchanted mace.
* * * LOW HITPOINT WARNING * * *
The wight hits you from afar with an enchanted spear.
* * * LOW HITPOINT WARNING * * *
You feel drained.
* * * LOW HITPOINT WARNING * * *
Unknown command.
You hit the wight.
The wight is severely damaged.
The wight closely misses you.
The wight hits you with an enchanted mace.
* * * LOW HITPOINT WARNING * * *
You barely miss the wight.
The wight is severely damaged.
The wight hits you from afar with an enchanted spear.
* * * LOW HITPOINT WARNING * * *
The wight hits you with an enchanted mace!
You die...

..........#########
.........## .........#
###.#...####### ######
##....#.......###....##
....###...............#
.##.# #<........#....##
.##.# ###.....##...###
....# ########@#.# ..#.
#z)#.# ..# #z##.# ..#
#w .# ..# .. .# ..# ...
.# ..# ... ..# .... .##


You could see a worm and 2 wights.

Vanquished Creatures
  Menkaure (D:4)
  An ogre (D:4)
  Blork the orc (D:4)
  A scorpion (D:4)
  A wight (D:4)
  3 hounds (D:4)
  A worker ant (D:4)
  6 adders
  6 gnolls
  A worm (D:4)
  5 giant geckos
  An orc (D:3)
  8 bats
  6 giant cockroaches
  5 hobgoblins
  7 jackals
  3 kobolds
  4 quokkas
  2 ball pythons
  4 giant newts
  6 goblins
  15 rats
88 creatures vanquished.

Notes
Turn   | Place    | Note
--------------------------------------------------------------
     0 | D:1      | Ordine the Ogre Hunter began the quest for the Orb.
     0 | D:1      | Reached XP level 1. HP: 22/22 MP: 1/1
   262 | D:1      | Reached XP level 2. HP: 24/31 MP: 2/2
   264 | D:1      | Reached skill level 1 in Maces & Flails
   883 | D:2      | Reached XP level 3. HP: 20/39 MP: 3/3
  1271 | D:2      | Reached XP level 4. HP: 22/48 MP: 4/4
  2406 | D:2      | Reached skill level 5 in Fighting
  2411 | D:2      | Reached XP level 5. HP: 52/57 MP: 5/5
  3709 | D:3      | Identified a +0 rod of destruction (10/10) (You found it on level 3 of the Dungeon)
  3781 | D:4      | Noticed an ogre
  3794 | D:4      | Killed an ogre
  3794 | D:4      | Reached skill level 5 in Maces & Flails
  3794 | D:4      | Reached XP level 6. HP: 5/67 MP: 6/6
  3795 | D:4      | Reached skill level 6 in Fighting
  4122 | D:4      | Noticed Blork the orc
  4132 | D:4      | Killed Blork the orc
  4646 | D:4      | Noticed Menkaure
  4648 | D:4      | Killed Menkaure
  4648 | D:4      | Reached XP level 7. HP: 39/76 MP: 7/7
  4653 | D:4      | Reached skill level 7 in Maces & Flails
  5074 | D:4      | HP: 3/78 [wight/enchanted spear (3)]
  5074 | D:4      | Mangled by a wight

Vault maps used:
D:1:      elethiomel_arrival_maze
D:3:      serial_glass, glass_columns_b, glass_columns_a, glass_columns_b,
          glass_columns_c, glass_columns_b, glass_columns_a, glass_columns_c,
          glass_columns_c, corexii_item_surrounded_by_moat,
          grunt_decor_resistance
D:4:      nicolae_ru_path_of_blood, serial_shops, shop, uniq_menkaure,
          uniq_blork_the_orc

Action                   |  1- 3 |  4- 6 |  7- 9 || total
-------------------------+-------+-------+-------++-------
Melee: Short sword       |    12 |       |       ||    12
       Mace              |    75 |   233 |    32 ||   340
Throw: Large rock        |     1 |     7 |     5 ||    13
       Throwing net      |       |     3 |     1 ||     4
  Use: Scroll            |     1 |     9 |     3 ||    13
       Potion            |       |       |     2 ||     2
 Stab: Sleeping          |     2 |     1 |     1 ||     4
       Held in net/web   |       |     1 |     1 ||     2
  Eat: Chunk             |     1 |    11 |     1 ||    13
